 Dungeon Crawl Stone Soup version 0.19-a0-1731-g1e0734d (webtiles) character file.

8 MackTheKnife the Cudgeler (level 2, -2/28 HPs)
             Began as a Naga Chaos Knight on Sept 30, 2016.
             Slain by a kobold
             ... wielding a +0 dagger
              (5 damage)
             ... on level 1 of the Dungeon.
             The game lasted 00:00:35 (325 turns).

MackTheKnife the Cudgeler (Naga Chaos Knight)        Turns: 325, Time: 00:00:36

Health: -2/28      AC:  4    Str: 14    XL:     2   Next: 8%
Magic:  2/2        EV:  9    Int: 12    God:    Xom [..*...]
Gold:   17         SH:  0    Dex: 10    Spells: 0 memorised, 1 level left

rFire  . . .     SeeInvis +     a - +0 mace (chaos)
rCold  . . .     Gourm    .     b - +2 leather armour
rNeg   . . .     Faith    .     (no shield)
rPois  +         Spirit   .     (no helmet)
rElec  .         Dismiss  .     (no cloak)
rCorr  .         Reflect  .     (no gloves)
MR     .....     Harm     .     (no barding)
Stlth  +.........               (no amulet)
                                (no ring)
                                (no ring)

@: short of breath, very slow
A: see invisible, deformed body, poison resistance, slowness 2, slow metabolism
1, spit poison 1, AC +0
a: Spit Poison, Renounce Religion


You were on level 1 of the Dungeon.
You worshipped Xom.
You were a toy of Xom.
You were not hungry.

You visited 1 branch of the dungeon, and saw 1 of its levels.

You collected 17 gold pieces.

Inventory:

Hand Weapons
 a - a +0 mace of chaos (weapon)
 i - a +1 dagger of venom
   (You took it off a kobold on level 1 of the Dungeon)
Armour
 b - a +2 leather armour (worn)
Scrolls
 e - 2 scrolls of teleportation {unknown}
Potions
 d - 2 potions of agility {unknown}
 g - a potion of lignification {unknown}
 h - a potion of curing {unknown}
Comestibles
 c - a bread ration {@e1}
 f - a meat ration {@e2}


   Skills:
 - Level 3.0 Fighting
 + Level 3.5 Maces & Flails
 - Level 1.5 Armour
 - Level 0.7 Dodging


You had one spell level left.
You didn't know any spells.

Dungeon Overview and Level Annotations

Branches:
Dungeon (1/15)

Altars:


Innate Abilities, Weirdness & Mutations

You cannot wear boots.
Your serpentine skin is tough. (AC +0)
You have supernaturally acute eyesight. (SInv)
Armour fits poorly on your strangely shaped body.
Your system is resistant to poisons. (rPois)
You cover ground very slowly.
You have a slow metabolism.
You can spit poison.


Message History

You barely miss the rat. The rat bites you but does no damage.
You barely miss the rat. The rat closely misses you.
You barely miss the rat. The rat misses you. The rat barely misses you.
You closely miss the goblin. The goblin hits you. The rat bites you.
You take 2 damage, and have 19/21 hp.
You barely miss the goblin. The goblin barely misses you.
The rat barely misses you. The goblin barely misses you.
You hit the goblin.
The goblin is poisoned.
The rat bites you. The goblin barely misses you.
You take 2 damage, and have 17/21 hp.
You barely miss the goblin.
You kill the goblin!
The rat closely misses you.
You sock the rat!
You kill the rat!
You have reached level 2!
You regained 6 hp, and now have 23/28 hp.
MP restored: 2 You now have 17 gold pieces (gained 10).
You see here a rat corpse.
You see here a rat corpse.
A kobold comes into view.
The kobold shouts!
A kobold comes into view. It is wielding a dagger.
There are monsters nearby!
There are monsters nearby!
There are monsters nearby!
A leopard gecko comes into view.
A ball python comes into view.
The ball python hisses angrily.
The leopard gecko hisses angrily.
You hit the kobold but do no damage.
The kobold flickers and vanishes for a moment.
The kobold hits you. The kobold hits you but does no damage.
The kobold hits you with a dagger.
You closely miss the kobold. The kobold hits you but does no damage.
The kobold hits you with a dagger.
You take 4 damage, and have 20/28 hp.
You barely miss the kobold.
The leopard gecko hisses menacingly.
The kobold barely misses you. The kobold closely misses you.
The leopard gecko bites you but does no damage.
You miss the leopard gecko. The kobold hits you.
The kobold hits you with a dagger. The leopard gecko barely misses you.
The ball python barely misses you.
You take 5 damage, and have 15/28 hp.
You are too injured to fight recklessly!
You are too injured to fight recklessly!
You are too injured to fight recklessly!
You are too injured to fight recklessly!
You are too injured to fight recklessly!
You are too injured to fight recklessly!
You are too injured to fight recklessly!
You are too injured to fight recklessly!
You are too injured to fight recklessly!
You are too injured to fight recklessly!
You are too injured to fight recklessly!
You are too injured to fight recklessly!
You are too injured to fight recklessly!
You are too injured to fight recklessly!
You are too injured to fight recklessly!
You are too injured to fight recklessly!
Unknown command.
You barely miss the kobold. The leopard gecko barely misses you.
The kobold hits you. The kobold hits you but does no damage.
The ball python bites you but does no damage.
The leopard gecko barely misses you. The kobold hits you.
You take 3 damage, and have 12/28 hp.
You hit the kobold. You burn the kobold. The kobold barely misses you.
The ball python bites you but does no damage.
The leopard gecko bites you. The kobold hits you.
* * * LOW HITPOINT WARNING * * *
The kobold hits you but does no damage.
The ball python bites you but does no damage.
You take 4 damage, and have 8/28 hp.
Unknown command.
Aim: a ball python The splash of poison hits the ball python.
The ball python is poisoned.
You kill the ball python!
You feel slightly more hungry.
The leopard gecko bites you but does no damage.
The kobold hits you.
* * * LOW HITPOINT WARNING * * *
The kobold hits you but does no damage.
You take 1 damage, and have 7/28 hp.
Unknown command.
You barely miss the kobold.
The leopard gecko bites you but does no damage.
The kobold hits you.
* * * LOW HITPOINT WARNING * * *
The kobold hits you with a dagger.
* * * LOW HITPOINT WARNING * * *
The leopard gecko bites you but does no damage.
You take 4 damage, and have 3/28 hp.
Unknown command.
You closely miss the kobold. The kobold closely misses you.
The kobold hits you with a dagger.
You die... "This toy is broken."

#...........##.#
##...........##.#
#........######.#
#....†...# .#
#+####++........#
#
...(............#
#
................#
#
......l.........#
#
......K@..#######
......K.#+# ..
......... #
.(........ #
#####...... #
........
#.###?##.. .. ..
...


You could see a leopard gecko and 2 kobolds.

Vanquished Creatures
  2 ball pythons (D:1)
  A goblin (D:1)
  A kobold (D:1)
  A bat (D:1)
  A frilled lizard (D:1)
  2 rats (D:1)
8 creatures vanquished.

Notes
Turn   | Place    | Note
-------+----------+-------------------------------------------
     0 | D:1      | MackTheKnife the Naga Chaos Knight began the quest for the Orb.
     0 | D:1      | Reached XP level 1. HP: 21/21 MP: 1/1
   228 | D:1      | XOM: divination: detect creatures
   276 | D:1      | XOM: divination: magic mapping
   303 | D:1      | Reached XP level 2. HP: 23/28 MP: 2/2
   323 | D:1      | HP: 7/28 [kobold (1)]
   324 | D:1      | HP: 3/28 [kobold/dagger (1)]
   325 | D:1      | Slain by a kobold

Vault maps used:
D:1:      matt_arrival_diagonals

Action                   || total
-------------------------++-------
Melee: Mace              ||    34
 Abil: Spit Poison       ||     1
Armor: Leather armour    ||    23
Dodge: Dodged            ||    27

Vault maps used:
D:1:      matt_arrival_diagonals

Table legend:
 A = Turns spent in this place as a percentage of turns spent in the entire game.
 B = Non-inter-level travel turns spent in this place as a percentage of non-inter-level travel turns spent in the entire game.
 C = Inter-level travel turns spent in this place as a percentage of turns spent in this place.
 D = Turns resting spent in this place as a percentage of non-inter-level travel turns spent in this place.
 E = Turns spent auto-exploring this place as a percentage of non-inter-level travel turns spent in this place.
 F = Non-inter-level travel turns spent in this place divided by the number of levels of this place that you've seen.
                   A       B       C       D       E      F
               +-------+-------+-------+-------+-------+----------------------
         Total | 100.0 | 100.0 |   0.0 |   0.0 |   9.4 | 159.0
       Dungeon | 100.0 | 100.0 |   0.0 |   0.0 |   9.4 | 159.0
               +-------+-------+-------+-------+-------+----------------------

Table legend:
 A = Kills in this place as a percentage of kills in entire the game.
 B = Kills by you in this place as a percentage of kills by you in the entire game.
 C = Kills by friends in this place as a percentage of kills by friends in the entire game.
 D = Other kills in this place as a percentage of other kills in the entire game.
 E = Experience gained in this place as a percentage of experience gained in the entire game.
 F = Experience gained in this place divided by the number of levels of this place that you have seen.
                   A       B       C       D       E      F
               +-------+-------+-------+-------+-------+----------------------
         Total | 100.0 | 100.0 |  -nan |  -nan | 100.0 |  12.0
       Dungeon | 100.0 | 100.0 |  -nan |  -nan | 100.0 |  12.0
               +-------+-------+-------+-------+-------+----------------------
